 Dungeon Crawl Stone Soup version 0.23-a0-33-g1e3a2e4e2f (webtiles) character file.

234 Jupotter the Shield-Bearer (level 5, -2/47 HPs)
             Began as a Minotaur Fighter on Aug 5, 2018.
             Was an Initiate of Trog.
             Splashed by a gnoll's acid (8 damage)
             ... on level 3 of the Dungeon.
             The game lasted 00:08:25 (1586 turns).

Jupotter the Shield-Bearer (Minotaur Fighter)       Turns: 1586, Time: 00:08:26

Health: -2/47      AC:  7    Str: 21    XL:     5   Next: 75%
Magic:  4/4        EV:  7    Int:  6    God:    Trog [......]
Gold:   57         SH: 10    Dex:  9    Spells: 4/4 levels left

rFire    . . .     SeeInvis .   n - +3 flail
rCold    . . .     Gourm    .   c - +0 shield
rNeg     . . .     Faith    .   b - +0 scale mail
rPois    .         Spirit   .   (helmet restricted)
rElec    .         Reflect  .   (no cloak)
rCorr    .         Harm     .   (no gloves)
MR       .....                  (no boots)
Stlth    ..........             (no amulet)
HPRegen  0.15/turn              (no ring)
MPRegen  0.09/turn              (no ring)

@: lethally poisoned (-2 -> -4)
A: retaliatory headbutt, horns 2
a: Renounce Religion


You were on level 3 of the Dungeon.
You worshipped Trog.
Trog was noncommittal.
You were not hungry.

You visited 1 branch of the dungeon, and saw 3 of its levels.

You collected 57 gold pieces.

Inventory:

Hand Weapons
 a - a +0 war axe
 n - a +3 flail (weapon)
Armour
 b - a +0 scale mail (worn)
 c - a +0 shield (worn)
Scrolls
 h - 3 scrolls of fear
 i - a scroll of remove curse
 k - a scroll of magic mapping {unknown}
 l - a scroll of enchant weapon {unknown}
Potions
 d - 2 potions of might
 j - a potion of haste {unknown}
 m - a potion of invisibility {unknown}
Comestibles
 f - 5 rations
 g - 9 chunks of flesh


   Skills:
 + Level 4.9 Fighting
 - Level 3.5(3.7) Axes
 + Level 1.4(2.7) Maces & Flails
 + Level 5.0 Armour
 + Level 5.2 Shields


You had 4 spell levels left.
You didn't know any spells.
Your spell library was empty.

Dungeon Overview and Level Annotations

Branches:
Dungeon (3/15)

Altars:
Sif Muna
Trog
Xom


Innate Abilities, Weirdness & Mutations

You reflexively headbutt those who attack you in melee.
You have a pair of horns on your head.


Message History

You hit the gnoll but do no damage.
The gnoll is severely wounded.
You feel sick. You block the gnoll's attack.
You barely miss the gnoll.
The gnoll is severely wounded.
The gnoll hits you with a flail!
You thump the gnoll!
You kill the gnoll!
Trog accepts your kill.
Your Armour skill increases to level 5!
You feel sick. The gnoll hits you but does no damage.
You hit the gnoll.
The gnoll is moderately wounded.
The gnoll barely misses you.
You hit the gnoll.
The gnoll is moderately wounded.
The gnoll zaps a wand.
The bolt of acid hits you!
* * * LOW HITPOINT WARNING * * *
You are splashed with acid!
The acid burns!
You die...

#.# #..#
#.###.###..#
#..........#
#######.##.#
#.....#
#.##### ..###
#.#
......#####.#
#...Sg@.#
.....##..####
### ##..#
..... ##.....
####.o.o ....
...


You could see a gnoll and an adder.

Vanquished Creatures
  A crimson imp (D:2)
  An orc priest (D:3)
  An orc wizard (D:3)
  A worker ant (D:2)
  3 gnolls (D:3)
  2 adders (D:2)
  An ooze (D:3)
  A worm (D:2)
  3 leopard geckos
  11 orcs (D:3)
  A ball python (D:2)
  7 bats
  2 giant cockroaches
  4 goblins
  5 hobgoblins
  8 kobolds
  3 frilled lizards
  8 rats
63 creatures vanquished.

Notes
Turn   | Place    | Note
-------+----------+-------------------------------------------
     0 | D:1      | Jupotter the Minotaur Fighter began the quest for the Orb.
     0 | D:1      | Reached XP level 1. HP: 19/19 MP: 0/0
   185 | D:1      | Found a shimmering altar of Xom.
   212 | D:1      | Reached XP level 2. HP: 26/27 MP: 1/1
   769 | D:2      | Noticed a crimson imp
   793 | D:2      | Killed a crimson imp
   793 | D:2      | Reached XP level 3. HP: 32/33 MP: 2/2
   809 | D:2      | Reached XP level 4. HP: 38/40 MP: 3/3
  1297 | D:2      | Found a deep blue altar of Sif Muna.
  1495 | D:3      | Reached XP level 5. HP: 46/47 MP: 4/4
  1538 | D:3      | Found a bloodstained altar of Trog.
  1543 | D:3      | Became a worshipper of Trog the Wrathful
  1565 | D:3      | Reached skill level 5 in Shields
  1569 | D:3      | Reached skill level 1 in Maces & Flails
  1584 | D:3      | Reached skill level 5 in Armour
  1586 | D:3      | Splashed by a gnoll's acid

Vault maps used:
D:1:      co_arrival_random_square_maze, serial_aquarium,
          aquarium_bridge_straight, aquarium_window_1, aquarium_window_1,
          aquarium_view_2g, aquarium_balcony_3a, st_stairs_1, xom_teletrap_fun
D:2:      lemuel_blue_sif_altar
D:3:      lemuel_doored_altar, first_ration

Skill      XL: |  1  2  3  4  5 |
---------------+----------------+-----
Shields        | 4 5 |  5.2
Armour         | 4 5 |  5.0
Fighting       | 4 |  4.9
Axes           | 3 |  3.5
Maces & Flails | 1 |  1.4

Action                   |  1- 3 |  4- 6 || total
-------------------------+-------+-------++-------
Melee: War axe           |    61 |    60 ||   121
       Headbutt          |     8 |    16 ||    24
       Flail             |       |    25 ||    25
  Use: Scroll            |       |     3 ||     3
  Eat: Chunk             |       |     2 ||     2
Armor: Scale mail        |    39 |    22 ||    61
Dodge: Dodged            |    27 |    27 ||    54
Block: Shield            |    41 |    42 ||    83

Table legend:
 A = Spawn XP
 B = Non-spawn XP
 C = Spawn XP percentage of total XP
 D = Spawn monster count
 E = Non-spawn monster count
 F = Spawn count percentage of total count
 G = Total turns spent on level
                    A         B        C        D         E        F      G
               +---------+---------+-------+---------+---------+-------+---------
         Total |       0 |     335 |   0.0 |       0 |      63 |   0.0 |  1586
               +---------+---------+-------+---------+---------+-------+---------
           D:1 |       0 |      31 |   0.0 |       0 |      21 |   0.0 |   778
           D:2 |       0 |     141 |   0.0 |       0 |      23 |   0.0 |   660
           D:3 |       0 |     163 |   0.0 |       0 |      19 |   0.0 |   148
               +---------+---------+-------+---------+---------+-------+---------
